 Seeded DCSS version 0.30-a0-652-gcc886f7154 (webtiles) character file.

Game seed: 6081334570178307997 (custom seed)

17004 valliere the Unseen (level 12, -5/51 HPs)
             Began as a Spriggan Enchanter on Jan 17, 2023.
             Was an Elder of Dithmenos.
             Killed from afar by an ironbound frostheart (31 damage)
             ... by creeping frost
             ... in an ice cave on Jan 18, 2023.
             The game lasted 00:54:25 (8531 turns).

valliere the Unseen (Spriggan Enchanter)            Turns: 8531, Time: 00:54:25

Health: -5/51      AC: 10    Str:  8    XL:     12   Next: 15%
Magic:  25/28      EV: 23    Int: 29    God:    Dithmenos [****..]
Gold:   1129       SH:  0    Dex: 21    Spells: 21/29 levels left

rFire   + . .      SeeInvis +    t - +6 dagger of Disharmony {spect, rPois rF+ Str+3 Int+2}
rCold   . . .      Faith    .    (no shield)
rNeg    . . .      Spirit   .    W - +4 acid dragon scales
rPois   +          Reflect  .    (helmet restricted)
rElec   .          Harm     .    j - scarf {+Inv}
rCorr   +          Rampage  .    (gloves unavailable)
Will    +++..                    (boots unavailable)
Stlth   +++++++++                x - amulet of Ibraf {Fly Regen+ Int+4}
HPRegen 1.08/turn                C - ring of willpower
MPRegen 0.21/turn                H - +6 ring of dexterity

@: flying, wreathed by umbra, very quick
A: very small, no large weapons, unfitting armour, see invisible, speed 3,
clever 1, high MP 1
a: Renounce Religion, Evoke Invisibility, Shadow Step


You were in an ice cave.
You worshipped Dithmenos.
Dithmenos was greatly pleased with you.
You visited 1 branch of the dungeon, and saw 11 of its levels.
You also visited: Sewer and Ice Cave.

You collected 1129 gold pieces.

Inventory:

Hand Weapons
 a - a +1 dagger
 k - a +3 dagger
 t - the +6 dagger of Disharmony (weapon) {spect, rPois rF+ Str+3 Int+2}
   (You found it on level 3 of the Dungeon)

   Str:       It affects your strength (+3).
   Int:       It affects your intelligence (+2).
   rF:        It protects you from fire.
   rPois:     It protects you from poison.
 X - the +9 hand axe "Death Rattle" {heavy, MP+9 Int+3}
   (You found it on level 10 of the Dungeon)

   Int:       It affects your intelligence (+3).
   MP:        It affects your magic capacity (+9).
Missiles
 e - 24 poisoned darts
 y - 2 throwing nets (quivered)
 R - a curare-tipped dart
Armour
 b - a +0 robe
 f - a scarf of resistance
 j - a scarf of invisibility (worn)
 W - +4 acid dragon scales (worn)
Jewellery
 x - the amulet of Ibraf (around neck) {Fly Regen+ Int+4}
   (You found it on level 4 of the Dungeon)

   [amulet of regeneration]

   Int:       It affects your intelligence (+4).
   Fly:       It grants you flight.
   Regen:     It increases your rate of health regeneration.
 C - a ring of willpower (left hand)
 E - an amulet of magic regeneration
 H - a +6 ring of dexterity (right hand)
 M - a ring of poison resistance
Wands
 s - a wand of mindburst (11)
 w - a wand of flame (18)
 B - a wand of charming (13)
 D - a wand of digging (6)
 G - a wand of polymorph (20)
Scrolls
 d - 2 scrolls of immolation {unknown}
 m - 2 scrolls of silence {unknown}
 q - 6 scrolls of teleportation
 r - 2 scrolls of poison {unknown}
 u - a scroll of fog {unknown}
 v - 4 scrolls of blinking
 z - 2 scrolls of magic mapping {unknown}
 F - 2 scrolls of noise {unknown}
 J - a scroll of summoning {unknown}
 K - 3 scrolls of amnesia
 N - 2 scrolls of vulnerability {unknown}
 U - a scroll of enchant weapon {unknown}
 V - a scroll of brand weapon {unknown}
Potions
 c - 2 potions of invisibility
 g - 2 potions of attraction {unknown}
 h - 5 potions of brilliance
 i - 4 potions of lignification
 l - a potion of berserk rage {unknown}
 n - 5 potions of curing
 p - a potion of haste {unknown}
 A - 2 potions of heal wounds
 L - a potion of cancellation {unknown}
 O - a potion of flight {unknown}
 P - 2 potions of degeneration {unknown}
 Q - a potion of magic {unknown}
 T - a potion of resistance
Miscellaneous
 S - a lightning rod (3/4)


   Skills:
 + Level 8.2 Short Blades
 + Level 10.1 Dodging
 * Level 16.5 Stealth
 + Level 9.3 Spellcasting
 - Level 8.1 Hexes
 + Level 3.5 Summonings
 + Level 6.2 Translocations
 + Level 9.6 Evocations


You had 21 spell levels left.
You knew the following spells:

 Your Spells              Type           Power      Damage    Failure   Level
a - Ensorcelled Hibernat  Hex/Ice        74%        N/A       1%          2
b - Gell's Gravitas       Tloc           49%        N/A       1%          3
c - Confusing Touch       Hex            57%        N/A       1%          3

Your spell library contained the following spells:

 Spells                   Type           Power      Damage    Failure   Level
 Teleport Other           Tloc           49%        N/A       1%          3
 Tukima's Dance           Hex            57%        N/A       1%          3
 Dazzling Flash           Conj/Hex       74%        N/A       4%          3
 Foxfire                  Conj/Fire      52%        2x1d6     8%          1
 Shock                    Conj/Air       52%        1d6       8%          1
 Sting                    Tmut/Pois      52%        1d5       8%          1
 Summon Mana Viper        Hex/Summ       47%        N/A       19%         5
 Hailstorm                Conj/Ice       13%        3d5       22%         3
 Ignite Poison            Fire/Tmut/Pois 13%        N/A       22%         3
 Spider Form              Tmut/Pois      13%        N/A       22%         3
 Swiftness                Air            13%        N/A       22%         3
 Summon Forest            Summ/Tloc      20%        N/A       26%         5
 Airstrike                Air            6%         2d(1-17)  58%         4
 Ice Form                 Ice/Tmut       13%        N/A       58%         4
 Dispersal                Tloc           24%        N/A       63%         6
 Fireball                 Conj/Fire      6%         3d5       90%         5
 Summon Cactus Giant      Summ           17%        N/A       95%         6
 Simulacrum               Ice/Necr       6%         N/A       100%        6
 Starburst                Conj/Fire      6%         6d4       100%        6


Dungeon Overview and Level Annotations

Branches:
Dungeon (11/15)            Temple (0/1) D:7            Lair (0/5) D:9
  Sewer (visited)           IceCv (1/1)
    Orc: D:9-12

Altars:
Ashenzari
Cheibriados
Dithmenos
Gozag
Hepliaklqana
Kikubaaqudgha
Qazlal
Ru
Sif Muna
Uskayaw
Vehumet
Xom

Annotations:
D:7 2 transporters


Innate Abilities, Weirdness & Mutations

You are very small and have problems with some larger weapons.
You are too small for most types of armour.
You have supernaturally acute eyesight. (SInv)
You cover ground extremely quickly. (Speed+++)
Your mind is acute. (Int +4, Str/Dex -1)
You have an increased reservoir of magic. (+10% MP)


Message History

You hear a bellow!
The ironbound frostheart shouts!
The death yak bellows!
You hear an angry growl.
A death yak comes into view.
Press: ? - help, v - describe, . - travel The floor.
This square is wreathed by an umbra.
You hear a howl!
The death yak moves out of view. 3 death yaks come into view.
Found a crystal plate armour of cold resistance.
Found 32 gold pieces.
The death yak bellows! x2
You hit the death yak. You punch the death yak.
The death yak is lightly wounded.
Your shadow hits the death yak but does no damage.
You puncture the death yak!
The death yak is lightly wounded.
The death yak gores you!
You hit the death yak but do no damage.
The death yak is lightly wounded.
You hit the death yak but do no damage.
The death yak is lightly wounded.
The death yak gores you!
Okay, then.
Casting: Ensorcelled Hibernation (safe; 1% risk of failure)
Confirm with . or Enter, or press ? or * to list all spells.
Aiming: Ensorcelled Hibernation (safe; 1% risk of failure)
Press: ? - help, Shift-Dir - straight line, f - death yak
Aim: a death yak (lightly wounded, umbra, chance to affect: 6%)
The death yak resists with almost no effort.
Casting: Ensorcelled Hibernation (safe; 1% risk of failure)
Confirm with . or Enter, or press ? or * to list all spells.
Aiming: Ensorcelled Hibernation (safe; 1% risk of failure)
Press: ? - help, Shift-Dir - straight line, f/p - death yak
Aim: a death yak (lightly wounded, umbra, chance to affect: 6%)
The death yak resists with almost no effort.
The ironbound frostheart calls freezing cold from the walls.
The frost grips you!!
Ouch! That really hurt!
You die...

##### ######## ### ##... .
##......######~† ##...###..
##.....##††##~~## #$.⌠.[#
#...#....######†~~###
##...## #....###≈≈≈≈≈~~####
###..#
#######..##≈≈≈≈≈≈≈##.
#..####.Y####.####≈≈≈≈≈≈≈##
###Y.#Y##.@#.#.#≈≈≈≈≈≈≈≈≈##
###.#####...###≈≈≈≈≈≈≈≈#.
### ###...##≈≈≈≈≈≈##.
###.p###≈≈≈##..
##..######### ..## ## ..##
#. h.# ≈≈≈≈. ..# ≈≈≈≈≈#


You could see a death yak and an ironbound frostheart.

Vanquished Creatures
  3 two-headed ogres (D:10)
  A death yak (IceCv)
  A cyclops (D:11)
  An ice statue (IceCv)
  Joseph (D:10)
  A kobold demonologist (D:9)
  8 polar bears (IceCv)
  A wraith (D:9)
  31 yaks
  Eustachio (D:5)
  Menkaure (D:5)
  An acid dragon (D:9)
  A swamp worm (D:8)
  A water moccasin (D:6)
  8 orc warriors
  3 sky beasts
  A black bear (D:5)
  4 ogres
  19 wolves (IceCv)
  4 centaurs
  A phantom (D:4)
  3 kobold brigands
  10 bullfrogs
  4 necrophages
  3 gnoll sergeants (D:8)
  2 scorpions (D:5)
  10 killer bees
  A howler monkey (D:5)
  4 hounds
  2 jellies
  8 orc priests
  2 gnoll boudas
  2 iguanas
  Ijyb (D:5)
  11 orc wizards
  Natasha (twice) (D:4)
  24 gnolls
  7 adders
  A shadow imp (D:6)
  3 white imps
  3 ufetubi
  4 worms
  4 dart slugs
  49 orcs
  14 ball pythons
  9 bats
  An endoplasm (D:4)
  9 giant cockroaches
  6 goblins
  6 hobgoblins
  2 jackals (D:4)
  24 kobolds
  5 quokkas
  11 frilled lizards
  6 rats
346 creatures vanquished.

Vanquished Creatures (others)
  4 fungi (D:8)
  3 plants (D:8)
  5 toadstools (D:8)
12 creatures vanquished.

Grand Total: 358 creatures vanquished

Notes
Turn   | Place    | Note
-------+----------+-------------------------------------------
     0 | D:1      | valliere the Spriggan Enchanter began the quest for the
                  | Orb.
     0 | D:1      | Reached XP level 1. HP: 9/9 MP: 5/5
   251 | D:1      | Reached XP level 2. HP: 13/13 MP: 6/6
   397 | D:1      | Reached skill level 1 in Evocations
   423 | D:1      | Reached skill level 5 in Stealth
   747 | D:2      | Reached XP level 3. HP: 16/16 MP: 6/8
  1054 | D:2      | Found a shimmering altar of Xom.
  1313 | D:2      | Reached XP level 4. HP: 21/21 MP: 9/9
  1513 | D:3      | Identified the +8 whip of Emeduel {protect, Will+ Dex+3}
  1625 | D:3      | Identified the +6 dagger of Disharmony {spect, rPois rF+
                  | Str+3 Int+2}
  2004 | D:3      | Found a shimmering blue altar of Sif Muna.
  2125 | D:4      | Noticed Natasha
  2135 | D:4      | Killed Natasha
  2136 | D:4      | Reached skill level 6 in Stealth
  2153 | D:4      | Reached XP level 5. HP: 24/24 MP: 9/11
  2166 | D:4      | Found a glowing drain.
  2178 | Sewer    | Entered a sewer
  2426 | Sewer    | Reached XP level 6. HP: 21/28 MP: 12/12
  2563 | D:4      | Reached skill level 7 in Stealth
  2660 | D:4      | Identified the amulet of Ibraf {Fly Regen+ Int+4}
  3079 | D:4      | Reached skill level 5 in Hexes
  3079 | D:4      | Reached XP level 7. HP: 32/32 MP: 14/14
  3107 | D:4      | Reached skill level 8 in Stealth
  3319 | D:4      | Noticed Natasha
  3323 | D:4      | Killed Natasha
  3472 | D:5      | Entered Level 5 of the Dungeon
  3583 | D:5      | Reached skill level 5 in Dodging
  3626 | D:5      | Reached skill level 9 in Stealth
  3626 | D:5      | Reached XP level 8. HP: 36/36 MP: 16/16
  3654 | D:5      | Noticed Ijyb
  3668 | D:5      | Killed Ijyb
  3690 | D:5      | Reached skill level 5 in Spellcasting
  3779 | D:5      | Noticed Eustachio
  3841 | D:5      | Killed Eustachio
  3842 | D:5      | Reached skill level 5 in Evocations
  3871 | D:5      | Found a snail-covered altar of Cheibriados.
  3906 | D:5      | Noticed Menkaure
  3907 | D:5      | Found a stormy altar of Qazlal.
  3915 | D:5      | Killed Menkaure
  3916 | D:5      | Reached skill level 10 in Stealth
  4250 | D:6      | Reached XP level 9. HP: 39/39 MP: 18/18
  4357 | D:6      | Reached skill level 5 in Short Blades
  4408 | D:6      | Reached skill level 11 in Stealth
  4598 | D:7      | You are sucked into a shaft and drop 2 floors!
  4642 | D:9      | Found a hazy altar of Hepliaklqana.
  4790 | D:9      | Found a staircase to the Lair.
  4818 | D:9      | Found an ancient bone altar of Kikubaaqudgha.
  4820 | D:9      | Found a hide-covered altar of Uskayaw.
  4900 | D:9      | Noticed a kobold demonologist
  4910 | D:9      | Killed a kobold demonologist
  4911 | D:9      | Reached skill level 12 in Stealth
  5103 | D:7      | Found a staircase to the Ecumenical Temple.
  5132 | D:7      | Found a shadowy altar of Dithmenos.
  5132 | D:7      | Found a sacrificial altar of Ru.
  5133 | D:7      | Found an opulent altar of Gozag.
  5138 | D:7      | Became a worshipper of Dithmenos the Shadowed
  5229 | D:7      | Found a transporter.
  5283 | D:7      | Got the Compendium of Venom
  5292 | D:7      | Found a transporter.
  5546 | D:7      | Reached XP level 10. HP: 42/44 MP: 21/21
  6238 | D:8      | Reached skill level 13 in Stealth
  6330 | D:8      | Reached * piety under Dithmenos
  6446 | D:8      | Learned a level 2 spell: Ensorcelled Hibernation
  6759 | D:9      | Reached skill level 1 in Translocations
  6922 | D:9      | Reached skill level 14 in Stealth
  6978 | D:9      | Reached skill level 1 in Summonings
  6999 | D:10     | Entered Level 10 of the Dungeon
  7009 | D:10     | Noticed a two-headed ogre
  7016 | D:10     | Killed a two-headed ogre
  7056 | D:10     | Reached ** piety under Dithmenos
  7057 | D:10     | Reached XP level 11. HP: 35/47 MP: 24/24
  7118 | D:10     | Noticed a two-headed ogre
  7136 | D:10     | Killed a two-headed ogre
  7153 | D:10     | Found a radiant altar of Vehumet.
  7205 | D:10     | Noticed Joseph
  7215 | D:10     | Killed Joseph
  7419 | D:10     | Identified the +9 hand axe "Death Rattle" {heavy, MP+9
                  | Int+3}
  7432 | D:10     | Found a broken altar of Ashenzari.
  7536 | D:10     | Reached *** piety under Dithmenos
  7614 | D:10     | Reached skill level 15 in Stealth
  7634 | D:10     | Noticed a two-headed ogre
  7641 | D:10     | Killed a two-headed ogre
  7793 | D:11     | Found a frozen archway.
  7811 | IceCv    | Entered an ice cave
  7832 | IceCv    | Gained mutation: You are weak. (Str -2) [potion of
                  | mutation]
  7832 | IceCv    | Gained mutation: You have a pair of small antennae on your
                  | head. [potion of mutation]
  7833 | IceCv    | Lost mutation: You are weak. (Str -2) [potion of mutation]
  7833 | IceCv    | Lost mutation: You have a pair of small antennae on your
                  | head. [potion of mutation]
  7833 | IceCv    | Gained mutation: You have an increased reservoir of magic.
                  | (+10% MP) [potion of mutation]
  7833 | IceCv    | Gained mutation: Your mind is acute. (Int +4, Str/Dex -1)
                  | [potion of mutation]
  7957 | IceCv    | Reached skill level 5 in Translocations
  8212 | IceCv    | Learned a level 3 spell: Gell's Gravitas
  8216 | IceCv    | Learned a level 3 spell: Confusing Touch
  8242 | IceCv    | Reached skill level 16 in Stealth
  8324 | IceCv    | Reached **** piety under Dithmenos
  8395 | IceCv    | Reached XP level 12. HP: 51/51 MP: 28/28
  8436 | IceCv    | Noticed a death yak
  8443 | IceCv    | Reached skill level 10 in Dodging
  8464 | IceCv    | Killed a death yak
  8494 | IceCv    | Noticed a death yak
  8494 | IceCv    | Noticed an ironbound frostheart
  8495 | IceCv    | Noticed a death yak
  8509 | IceCv    | Noticed a death yak
  8509 | IceCv    | Noticed a death yak
  8509 | IceCv    | Noticed a death yak
  8531 | IceCv    | Killed from afar by an ironbound frostheart

Illustrated notes

Levels and vault maps discovered:
D:1:      ncdulo_smallfort, layout_loops_cross
D:2:      layout_rooms, basic_altar, minmay_liquid_box
D:3:      layout_loops_ring, led_sif_pool, lemuel_flame_loot_1
D:4:      layout_gridville, cheibrodos_sewer_entry_bend, minmay_starry_boxes,
          uniq_natasha
D:5:      layout_rooms, general_overflow_altar, nicolae_qazlal_eye_of_the_storm,
          chequers_serial_rivers_room_b, uniq_ijyb, uniq_eustachio,
          uniq_menkaure
D:6:      layout_rooms
D:7:      gammafunk_cloud_chamber, layout_basic,
          chequers_temple_overflow_statue_of_worship,
          minmay_temple_entry_stoned_glass, minmay_misc_feat_secret_circle,
          minmay_diced_spiral
D:8:      layout_cave_pools, minmay_misc_feat_cross, minmay_gold_behind_fungi,
          worms_lemuel
D:9:      layout_roguey, mainiacjoe_overflow_cross_hatched,
          jmf_multi_god_temple, lair_entry_dummy
D:10:     layout_roguey [special_room_orc], mainiacjoe_overflow_alcove_1,
          nicolae_vehumet_radiance, hangedman_abyss_or_decor_lesser_grid,
          minmay_sticks_and_stones
D:11:     layout_roguey, portal_ice_cave_entry_pillars_1,
          kennysheep_generic_room_3, uniq_josephine
IceCv:    ice_cave_caverns_02

Skill      XL: |  1  2  3  4  5  6  7  8  9 10 11 12 |
---------------+-------------------------------------+-----
Evocations     | 1 2 3 4 5 7 8 9 |  9.6
Stealth        | 5 6 7 9 10 12 14 16 | 16.5
Dodging        | 3 4 5 6 7 8 9 10 | 10.1
Spellcasting   | 3 4 5 6 8 9 |  9.3
Hexes          | 4 5 6 7 8 |  8.1
Short Blades   | 2 3 4 6 7 8 |  8.2
Translocations | 3 5 6 |  6.2
Summonings     | 1 3 |  3.5

Action                   |  1- 3 |  4- 6 |  7- 9 | 10-12 || total
-------------------------+-------+-------+-------+-------++-------
Melee: Dagger            |   146 |    87 |   299 |   548 ||  1080
       Punch             |     2 |       |     4 |     9 ||    15
Throw: Dart              |       |     2 |     1 |     6 ||     9
 Cast: Ensorcelled Hiber |       |       |       |     4 ||     4
 Abil: Evoke Invisibilit |       |       |     1 |     1 ||     2
Evoke: Wand              |       |     1 |       |       ||     1
       Lightning rod     |       |       |       |     4 ||     4
  Use: Scroll            |       |       |       |    12 ||    12
       Potion            |       |       |       |     2 ||     2
 Stab: Sleeping          |    11 |     8 |    18 |    21 ||    58
       Distracted        |       |     1 |     6 |    18 ||    25
       Invisible         |       |       |       |     2 ||     2
Armor: Robe              |    20 |     3 |    13 |     1 ||    37
       Acid dragon scale |       |       |       |    23 ||    23
Dodge: Dodged            |   124 |    42 |   182 |   357 ||   705

Table legend: (Time is in decaauts)
 A = Elapsed time spent in this place.
 B = Non-inter-level travel time spent in this place.
 C = Inter-level travel time spent in this place.
 D = Time resting spent in this place.
 E = Time spent auto-exploring this place.
 F = Levels seen in this place.
 G = Mean time per level.
                   A        B        C        D        E       F      G
               +--------+--------+--------+--------+--------+-----+--------+
         Total |   5829 |   5707 |    122 |    178 |   3391 |  13 |  448.4 |
       Dungeon |   5102 |   4980 |    122 |    178 |   3112 |  11 |  463.8 |
         Sewer |    230 |    230 |      0 |      0 |    108 |   1 |  230.0 |
      Ice Cave |    496 |    496 |      0 |      0 |    170 |   1 |  496.0 |
               +--------+--------+--------+--------+--------+-----+--------+

Top non-repeatable levels by time:
     D:4: 749 daAuts
     D:1: 675 daAuts
     D:7: 638 daAuts
    D:10: 517 daAuts
   IceCv: 496 daAuts
     D:9: 487 daAuts
     D:8: 486 daAuts
     D:5: 410 daAuts
     D:3: 410 daAuts
     D:2: 369 daAuts
     D:6: 329 daAuts
   Sewer: 230 daAuts
    D:11: 27 daAuts
